 Dungeon Crawl Stone Soup version 0.30-a0-760-g5a9884bb7c (webtiles) character file.

Game seed: 13997556180459952272

61 Esekla the Sneak (level 4, 0/24 HPs)
             Began as a Vine Stalker Delver on Feb 12, 2023.
             Was an Initiate of Vehumet.
             Slain by an orc
             ... wielding a +0 flail
              (7 damage)
             ... on level 6 of the Dungeon.
             The game lasted 00:04:10 (277 turns).

Esekla the Sneak (Vine Stalker Delver)               Turns: 277, Time: 00:04:10

Health: 0/24       AC:  3    Str: 15    XL:     4   Next: 7%
Magic:  0/5        EV: 12    Int: 12    God:    Vehumet [......]
Gold:   0          SH:  0    Dex: 15    Spells: 4/4 levels left

rFire   . . .      SeeInvis .    h - +7 great mace "Undeadhunter" {deathbane, rN+}
rCold   . . .      Faith    .    (shield currently unavailable)
rNeg    + . .      Spirit   +    b - +0 leather armour
rPois   .          Reflect  .    (no helmet)
rElec   .          Harm     .    (no cloak)
rCorr   .          Rampage  .    (no gloves)
Will    .....                    (no boots)
Stlth   +++                      (no amulet)
HPRegen 1.04/turn                (no ring)
MPRegen 0.09/turn                (no ring)

@: no status effects
A: fangs 2, regeneration 1, magic shield, antimagic bite, no potion heal 2
a: Renounce Religion


You were on level 6 of the Dungeon.
You worshipped Vehumet.
Vehumet was noncommittal.
You visited 2 branches of the dungeon, and saw 3 of its levels.

Inventory:

Hand Weapons
 a - a +0 falchion
 h - the +7 great mace "Undeadhunter" (weapon) {deathbane, rN+}
   (You found it on level 5 of the Dungeon)

   rN:        It protects you from negative energy.
Armour
 b - a +0 leather armour (worn)
Wands
 g - a wand of digging (3)
Scrolls
 c - 2 scrolls of fog
 d - a scroll of blinking {unknown}
 i - a scroll of identify {unknown}
Potions
 f - a potion of haste


   Skills:
 * Level 3.0 Fighting
 + Level 1.8 Long Blades
 + Level 0.2 Maces & Flails
 + Level 0.1 Armour
 + Level 1.7 Dodging
 + Level 7.2 Stealth
 * Level 0.5 Spellcasting


You had 4 spell levels left.
You didn't know any spells.
Your spell library was empty.

Dungeon Overview and Level Annotations

Branches:
Dungeon (6/15)             Temple (1/1) D:6

Altars:
Ashenzari
Dithmenos
Fedhas
Hepliaklqana
Kikubaaqudgha
Nemelex Xobeh
Okawaru
Ru
Trog
Uskayaw
Vehumet
Xom

Portals:
Ossuary: D:6


Innate Abilities, Weirdness & Mutations

You have extremely sharp teeth.
Your natural rate of healing is unusually fast.
When hurt, damage is shared between your health and your magic reserves.
Your bite disrupts and absorbs the magic of your enemies.
Potions cannot restore your health.


Message History

You have reached level 4!
You feel stronger.
You begin to heal more quickly.
You open the door.
There is an open door here.
An orc priest comes into view. It is wielding a +0 trident.
An orc comes into view. It is wielding a +0 flail.
There is an open door here.
You close the door.
You start waiting.
An orc comes into view. It is wielding a +0 hand axe.
The orc priest hits you with a +0 trident.
There is a broken door, spattered with blood here.
The orc shouts!
You hit the orc priest. Your bite misses the orc priest.
The orc priest is moderately wounded.
You hear a shout!
The orc priest hits you with a +0 trident!
The orc priest barely misses you.
You hit the orc priest.
You bite the orc priest, but do no damage.
The orc priest is severely wounded.
An orc comes into view. It is wielding a +0 hand axe.
The orc priest barely misses you.
The orc priest mumbles some strange prayers to Beogh against you.
Beogh smites you!
* * * LOW HITPOINT WARNING * * *
You barely miss the orc priest.
You bite the orc priest, but do no damage.
The orc priest is severely wounded.
The orc priest hits you with a +0 trident.
* * * LOW HITPOINT WARNING * * *
Okay, then.
Okay, then.
Unknown command.
You sock the orc priest!
You kill the orc priest!
Vehumet accepts your kill. The orc hits you with a +0 flail!
You die...

#. ### ###s##.## .......# #.#...
# #....# ####### ..# #####.#..#
####### ###...#
.........####⌠.⌠#########.......
#.......'.>.@o.oo.......>..o
#....####⌠.⌠####..###.......
#.##.# ####### ##.# ###.[.#
#.##.# ##########.# ..# . #.##.#
#.#....#.# # . #.##.. #.#....#.#
. #.#### #.##.#.#.# . #.#
#.##.#.#.# . #.# #.##.#.#.#


You could see 3 orcs.

Vanquished Creatures
  2 hounds
  An orc priest (D:6)
3 creatures vanquished.

Vanquished Creatures (others)
  A withered plant (D:5)
1 creature vanquished.

Grand Total: 4 creatures vanquished

Notes
Turn   | Place    | Note
-------+----------+-------------------------------------------
     0 | D:5      | Found the +7 great mace "Undeadhunter" {deathbane, rN+}
     0 | D:5      | Esekla the Vine Stalker Delver began the quest for the Orb.
     0 | D:5      | Reached XP level 1. HP: 11/11 MP: 2/2
    22 | D:5      | Noticed a howler monkey
    45 | D:5      | Found a bloodstained altar of Trog.
    57 | D:5      | Noticed a hound
    70 | D:5      | Killed a hound
    71 | D:5      | Reached XP level 2. HP: 2/16 MP: 0/3
    71 | D:5      | Reached XP level 3. HP: 2/19 MP: 0/4
    80 | D:6      | Found a sand-covered staircase.
   138 | D:6      | Found a staircase to the Ecumenical Temple.
   188 | D:6      | Noticed a scorpion
   188 | D:6      | Noticed a centaur
   205 | D:6      | Noticed a scorpion
   217 | Temple   | Entered the Ecumenical Temple
   217 | Temple   | Found a transporter.
   217 | Temple   | Found a transporter.
   219 | Temple   | Found a transporter.
   219 | Temple   | Found a transporter.
   238 | Temple   | Became a worshipper of Vehumet
   257 | D:6      | Reached skill level 7 in Stealth
   257 | D:6      | Gained mutation: Your natural rate of healing is unusually
                  | fast. [Vine Stalker growth]
   257 | D:6      | Reached XP level 4. HP: 24/24 MP: 5/5
   277 | D:6      | Slain by an orc

Illustrated notes

Levels and vault maps discovered:
D:5:      layout_layer_cave, kennysheep_little_box, serial_undead,
          serial_undead_f, serial_undead_e, serial_undead_e, serial_undead_c,
          uniq_menkaure
D:6:      layout_loops_ring, temple_doors_ab,
          nicolae_ossuary_entry_false_entrances
Temple:   hellmonk_temple_divided_pantheon

Skill      XL: |  1  2  3 |
---------------+----------+-----
Fighting       | 3 |  3.0
Stealth        | 7 |  7.2
Long Blades    | |  1.8
Maces & Flails | |  0.2
Armour         | |  0.1
Dodging        | |  1.7
Spellcasting   | |  0.5

Action                     |  1- 3 |  4- 6 || total
---------------------------+-------+-------++-------
  Melee: Great mace        |     6 |     4 ||    10
         Bite              |     1 |     2 ||     3
    Use: Scroll            |     2 |       ||     2
   Stab: Sleeping          |     1 |       ||     1
 Armour: Leather armour    |     1 |       ||     1
  Dodge: Dodged            |     3 |     2 ||     5

Table legend: (Time is in decaauts)
 A = Elapsed time spent in this place.
 B = Non-inter-level travel time spent in this place.
 C = Inter-level travel time spent in this place.
 D = Time resting spent in this place.
 E = Time spent auto-exploring this place.
 F = Levels seen in this place.
 G = Mean time per level.
                   A        B        C        D        E       F      G
               +--------+--------+--------+--------+--------+-----+--------+
         Total |    282 |    282 |      0 |      8 |      0 |   3 |   94.0 |
       Dungeon |    246 |    246 |      0 |      8 |      0 |   2 |  123.0 |
        Temple |     36 |     36 |      0 |      0 |      0 |   1 |   36.0 |
               +--------+--------+--------+--------+--------+-----+--------+

Top non-repeatable levels by time:
     D:6: 171 daAuts
     D:5: 74 daAuts
  Temple: 36 daAuts
